 Dungeon Crawl Stone Soup version 0.29-a0-378-gc08b2e8bf8 (webtiles) character file.

Game seed: 346703160360583253

3845 Grim the Cleaver (level 9, -9/70 HPs)
             Began as a Minotaur Fighter on May 5, 2022.
             Killed from afar by Erica (22 damage)
             ... with a bolt of poison
             ... on level 7 of the Dungeon.
             The game lasted 00:10:34 (6136 turns).

Grim the Cleaver (Minotaur Fighter)                 Turns: 6136, Time: 00:10:35

Health: -9/70      AC: 16    Str: 21    XL:     9   Next: 98%
Magic:  8/8        EV: 24    Int:  7    God:
Gold:   476        SH:  0    Dex: 12    Spells: 8/8 levels left

rFire   + . .      SeeInvis .   v - +2 war axe of Tyimoj {vorpal, rN+ rCorr Stlth-}
rCold   . . .      Faith    .   F - +0 kite shield
rNeg    + . .      Spirit   .   m - +0 plate armour
rPois   .          Reflect  .   (helmet restricted)
rElec   .          Harm     .   G - +1 cloak
rCorr   +          Rampage  .   E - +0 pair of gloves
Will    .....                   o - +0 pair of boots
Stlth   ..........              n - amulet of the acrobat
HPRegen 0.21/turn               h - +4 ring of evasion
MPRegen 0.11/turn               a - ring of protection from fire

@: confused, lethally poisoned (-9 -> -25), ambrosia-drunk, acrobatic
A: horns 2, retaliatory headbutt
a: no special abilities


You were on level 7 of the Dungeon.
You visited 2 branches of the dungeon, and saw 9 of its levels.
You also visited: Sewer and Ossuary.

You collected 476 gold pieces.

Inventory:

Hand Weapons
 v - the +2 war axe of Tyimoj (weapon) {vorpal, rN+ rCorr Stlth-}
   (You found it on level 3 of the Dungeon)

   It inflicts extra damage upon your enemies.
   rN:        It protects you from negative energy.
   rCorr:     It protects you from acid and corrosion.
   Stlth:     It makes you less stealthy.
Missiles
 c - 3 silver javelins
 g - 12 poisoned darts (quivered)
 A - 3 boomerangs of dispersal
 B - 7 boomerangs
Armour
 m - a +0 plate armour (worn)
 o - a +0 pair of boots (worn)
 E - a +0 pair of gloves (worn)
 F - a +0 kite shield (worn)
 G - a +1 cloak (worn)
Jewellery
 a - a ring of protection from fire (right hand)
 h - a +4 ring of evasion (left hand)
 n - an amulet of the acrobat (around neck)
 H - the macabre finger necklace {rN+}
   (You found it on level 5 of the Dungeon)

   [amulet of nothing]

   It enables you to equip an extra ring.
   rN:        It protects you from negative energy.
Wands
 f - a wand of polymorph (15)
 z - a wand of flame (9)
 N - a wand of iceblast (6)
Scrolls
 d - 3 scrolls of magic mapping {unknown}
 j - 17 scrolls of identify {unknown}
 p - 3 scrolls of teleportation {unknown}
 q - a scroll of fog {unknown}
 t - 3 scrolls of fear {unknown}
 u - 2 scrolls of blinking {unknown}
 w - a scroll of noise {unknown}
 x - 2 scrolls of brand weapon {unknown}
 y - 2 scrolls of poison {unknown}
 C - 2 scrolls of enchant weapon {unknown}
Potions
 b - a potion of brilliance {unknown}
 e - 3 potions of ambrosia
 i - a potion of invisibility {unknown}
 k - 4 potions of haste {unknown}
 l - 3 potions of cancellation {unknown}
 r - 3 potions of resistance {unknown}
 s - 4 potions of heal wounds {unknown}
 D - a potion of curing {unknown}
 J - 2 potions of magic {unknown}
 K - a potion of mutation {unknown}
 L - 2 potions of attraction {unknown}
 M - a potion of lignification {unknown}
Miscellaneous
 I - a condenser vane


   Skills:
 - Level 3.6 Fighting
 * Level 14.0 Axes
 - Level 3.6 Armour
 + Level 10.6 Shields


You had 8 spell levels left.
You didn't know any spells.
Your spell library contained the following spells:

 Spells                   Type           Power      Damage    Failure   Level
 Freeze                   Ice            0%         1d3       100%        1
 Corpse Rot               Necr/Air       0%         N/A       100%        2
 Ensorcelled Hibernation  Hex/Ice        0%         N/A       100%        2
 Poisonous Vapours        Pois/Air       0%         N/A       100%        2
 Ignite Poison            Fire/Tmut/Pois 0%         N/A       100%        3
 Portal Projectile        Hex/Tloc       0%         N/A       100%        3
 Spider Form              Tmut/Pois      0%         N/A       100%        3
 Anguish                  Hex/Necr       0%         N/A       100%        4
 Ice Form                 Ice/Tmut       0%         N/A       100%        4
 Olgreb's Toxic Radiance  Pois           0%         N/A       100%        4
 Blade Hands              Tmut           0%         N/A       100%        5
 Excruciating Wounds      Necr           0%         N/A       100%        5
 Eringya's Noxious Bog    Tmut/Pois      0%         N/A       100%        6
 Ozocubu's Refrigeration  Ice            0%         4d5       100%        7
 Ignition                 Fire           0%         3d3       100%        8


Dungeon Overview and Level Annotations

Branches:
Dungeon (8/15)             Temple (1/1) D:5           Sewer (visited)
Ossuary (visited)
   Lair: D:8-11

Altars:
Ashenzari
Cheibriados
Dithmenos
Elyvilon
Fedhas
Hepliaklqana
Kikubaaqudgha
Makhleb
Nemelex Xobeh
Okawaru
Qazlal
Ru
Sif Muna
Uskayaw
Vehumet
Wu Jian
Xom
Yredelemnul
Zin
The Shining One

Shops:
D:4 *

Annotations:
D:5 2 runed translucent doors
D:7 Erica


Innate Abilities, Weirdness & Mutations

You have a pair of horns on your head.
You reflexively headbutt those who attack you in melee.


Message History

Something hits you but does no damage. The wight barely misses you.
You climb upwards.
Reactivating autopickup.
There is a stone staircase leading down here.
You see here a +0 whip.
Deactivating autopickup; reactivate with Ctrl-A.
You slash something! Something hits you.
* * * LOW HITPOINT WARNING * * *
Something burns you.
* * * LOW HITPOINT WARNING * * *
You hit something. Your headbutt misses something. Something hits you.
* * * LOW HITPOINT WARNING * * *
You miss something. Your headbutt misses something. Something hits you.
* * * LOW HITPOINT WARNING * * *
You closely miss something. Your headbutt misses something.
You barely miss something. Your headbutt misses something. Something hits you.
* * * LOW HITPOINT WARNING * * *
You closely miss something. You headbutt something.
You hear a zap.
A bolt of acid appears from out of thin air!
The bolt of acid hits you. You resist.
* * * LOW HITPOINT WARNING * * *
You slash something! Your headbutt misses something.
You hear a zap.
A bolt of acid appears from out of thin air!
The bolt of acid misses you.
You closely miss something. Your headbutt misses something. Something hits you.
* * * LOW HITPOINT WARNING * * *
It was a potion of ambrosia.
You are confused.
You feel invigorated. Something hits you!
* * * LOW HITPOINT WARNING * * *
Something burns you.
* * * LOW HITPOINT WARNING * * *
Something closely misses you.
You hear some strange, mumbled words.
A bolt of poison appears from out of thin air!
The bolt of poison hits you!!
You are lethally poisoned!
You die...

#.(...........
#.............
#.............
#.............
#.............
#............<
#####.[#######
#########....#####
#@{>).....##.....#
#.######...#####..
#........)........
#######..##.#####.
#.###..##### #.#
##...... #.#
######. #.# ## ###
#.# #


There were no monsters in sight!

Vanquished Creatures
  A troll (D:7)
  A steam dragon (D:5)
  A warg (D:8)
  2 water moccasins (D:7)
  3 sky beasts
  Pargi (Sewer)
  An orc warrior (D:5)
  A black bear (D:4)
  5 ogres
  4 centaurs
  5 bullfrogs
  5 necrophages
  2 scorpions
  A wight (D:8)
  3 howler monkeys (D:8)
  4 centaur zombies (Ossuary)
  A gnoll shaman (D:5)
  2 orc priests
  3 hounds
  2 jellies
  4 orc wizards
  Ijyb (D:5)
  3 iguanas (D:5)
  6 mummies (Ossuary)
  8 gnolls
  13 adders
  4 white imps
  An ufetubus (D:5)
  3 dart slugs
  29 orcs
  13 ball pythons
  3 endoplasms (D:3)
  2 giant cockroaches
  6 goblins
  11 hobgoblins
  6 kobolds
  4 quokkas
  8 bats
  3 frilled lizards
  4 hobgoblin zombies (Ossuary)
  7 rats
187 creatures vanquished.

Vanquished Creatures (others)
  2 plants (D:8)
2 creatures vanquished.

Grand Total: 189 creatures vanquished

Notes
Turn   | Place    | Note
-------+----------+-------------------------------------------
     0 | D:1      | Grim the Minotaur Fighter began the quest for the Orb.
     0 | D:1      | Reached XP level 1. HP: 19/19 MP: 0/0
    73 | D:1      | Reached skill level 3 in Axes
   203 | D:1      | Reached XP level 2. HP: 26/26 MP: 1/1
   265 | D:1      | Found a faded altar of an unknown god.
   521 | D:1      | Reached XP level 3. HP: 31/31 MP: 2/2
   546 | D:1      | You fall into a shaft and drop 1 floor!
   568 | D:2      | Reached skill level 4 in Axes
  1181 | D:2      | Found a sparkling altar of Nemelex Xobeh.
  1383 | D:3      | Reached XP level 4. HP: 39/39 MP: 3/3
  1387 | D:3      | Found a glowing drain.
  1398 | Sewer    | Entered a sewer
  1467 | Sewer    | Noticed Pargi
  1475 | Sewer    | Killed Pargi
  1476 | Sewer    | Reached skill level 5 in Axes
  1476 | Sewer    | Reached skill level 5 in Shields
  1476 | Sewer    | Reached XP level 5. HP: 44/45 MP: 4/4
  1579 | D:3      | Reached skill level 6 in Axes
  1625 | D:3      | Identified the +2 war axe of Tyimoj {vorpal, rN+ rCorr
                  | Stlth-}
  2212 | D:4      | Found Durchae's General Store.
  2235 | D:4      | Reached XP level 6. HP: 43/51 MP: 5/5
  2386 | D:3      | Reached skill level 7 in Axes
  2667 | D:4      | Noticed a sky beast
  2675 | D:4      | Killed a sky beast
  2676 | D:4      | Reached XP level 7. HP: 39/57 MP: 6/6
  2817 | D:4      | Reached skill level 8 in Axes
  2853 | D:4      | Found a broken altar of Ashenzari.
  2854 | D:4      | Found a sacrificial altar of Ru.
  2854 | D:4      | Found an iron altar of Okawaru.
  2854 | D:4      | Found an ancient bone altar of Kikubaaqudgha.
  2857 | D:4      | Found a shimmering blue altar of Sif Muna.
  3344 | D:5      | Entered Level 5 of the Dungeon
  3466 | D:5      | Found a large runed translucent door.
  3466 | D:5      | Found the macabre finger necklace {rN+}
  3470 | D:5      | Reached skill level 9 in Axes
  3470 | D:5      | Found a large runed translucent door.
  3487 | D:5      | Reached XP level 8. HP: 64/64 MP: 7/7
  3672 | D:5      | Reached skill level 10 in Axes
  3824 | D:5      | Found a large runed translucent door.
  3824 | D:5      | Found a large runed translucent door.
  3825 | D:5      | Noticed Ijyb
  3830 | D:5      | Killed Ijyb
  3936 | D:5      | Identified the +7 mace of Valour {vorpal, rCorr Str-3 Int-3
                  | Stlth+}
  3981 | D:5      | Found a staircase to the Ecumenical Temple.
  3992 | Temple   | Entered the Ecumenical Temple
  4189 | D:5      | Reached skill level 11 in Axes
  4234 | D:5      | Got Gula's Incunabulum of the Snowflakes and Toxins
  4310 | D:6      | Found a stormy altar of Qazlal.
  4310 | D:6      | Found a hazy altar of Hepliaklqana.
  4313 | D:6      | Found an ornate altar of the Wu Jian Council.
  4314 | D:6      | Found a glowing golden altar of the Shining One.
  4407 | D:6      | Reached XP level 9. HP: 55/70 MP: 8/8
  4408 | D:6      | Found a sand-covered staircase.
  4425 | Ossuary  | Entered an ossuary
  4546 | Ossuary  | Reached skill level 12 in Axes
  4860 | D:7      | Noticed a troll
  4869 | D:7      | Killed a troll
  5173 | D:7      | Reached skill level 13 in Axes
  5246 | D:7      | Reached skill level 10 in Shields
  5981 | D:8      | Noticed Erica
  5983 | D:8      | Reached skill level 14 in Axes
  6134 | D:7      | HP: 3/70 [something (1)]
  6136 | D:7      | Killed from afar by Erica

Illustrated notes

Levels and vault maps discovered:
D:1:      dpeg_arrival_castle, layout_loops_ring,
          shapermc_ecumenical_altar_totnotflames
D:2:      layout_rooms, basic_altar
D:3:      layout_basic, portal_sewer_entry_d, minmay_starry_boxes
D:4:      layout_cave_pools, grunt_temple_overflow_open, serial_shops, shop
D:5:      layout_basic, minmay_temple_entry_hall, minmay_hollow_rounded_squares,
          uniq_ijyb
D:6:      layout_gridville, mainiacjoe_overflow_alcove_3,
          nicolae_ossuary_entry_monument, minmay_misc_feat_five
D:7:      layout_rooms
D:8:      layout_gridville, erik_lair_orcish_takeover, serial_glass,
          glass_columns_a, glass_columns_b, uniq_erica
Temple:   minmay_freezing_vapour_temple

Skill      XL: |  1  2  3  4  5  6  7  8  9 |
---------------+----------------------------+-----
Axes           | 3 4 5 6 7 9 11 14 | 14.0
Shields        | 4 5 6 7 8 10 | 10.6
Fighting       | |  3.6
Armour         | |  3.6

Action                   |  1- 3 |  4- 6 |  7- 9 || total
-------------------------+-------+-------+-------++-------
Melee: Hand axe          |    80 |    29 |       ||   109
       Headbutt          |    14 |    10 |    40 ||    64
       War axe           |       |    47 |   263 ||   310
Throw: Dart              |       |     1 |     1 ||     2
  Use: Potion            |       |     1 |     2 ||     3
Armor: Scale mail        |    28 |       |       ||    28
       Plate armour      |     2 |    37 |   119 ||   158
Dodge: Dodged            |    46 |    52 |   103 ||   201
Block: Buckler           |    17 |    17 |       ||    34
       Kite shield       |       |     1 |   122 ||   123

Table legend: (Time is in decaauts)
 A = Elapsed time spent in this place.
 B = Non-inter-level travel time spent in this place.
 C = Inter-level travel time spent in this place.
 D = Time resting spent in this place.
 E = Time spent auto-exploring this place.
 F = Levels seen in this place.
 G = Mean time per level.
                   A        B        C        D        E       F      G
               +--------+--------+--------+--------+--------+-----+--------+
         Total |   6219 |   5983 |    236 |    873 |   3838 |  11 |  565.4 |
       Dungeon |   5871 |   5636 |    235 |    792 |   3686 |   8 |  733.9 |
        Temple |     22 |     21 |      1 |      0 |     10 |   1 |   22.0 |
         Sewer |    159 |    159 |      0 |      0 |    112 |   1 |  159.0 |
       Ossuary |    164 |    164 |      0 |     81 |     30 |   1 |  164.0 |
               +--------+--------+--------+--------+--------+-----+--------+

Top non-repeatable levels by time:
     D:7: 1188 daAuts
     D:4: 1051 daAuts
     D:1: 934 daAuts
     D:3: 913 daAuts
     D:5: 909 daAuts
     D:6: 416 daAuts
     D:2: 358 daAuts
 Ossuary: 164 daAuts
   Sewer: 159 daAuts
     D:8: 99 daAuts
  Temple: 22 daAuts
